 Dungeon Sprint DCSS version 0.23.2-1-ga50397a6bc (webtiles) character file.

Game seed: 17088018379324542430

7753 Kobolds4U the Covert (level 11, -4/63 HPs)
             Began as a Spriggan Assassin on May 22, 2019.
             Was the Champion of Dithmenos.
             Engulfed by a cloud of foul pestilence (11 damage)
             ... in the Dungeon (Sprint I: "Red Sonja").
             The game lasted 00:16:26 (2674 turns).

Kobolds4U the Covert (Spriggan Assassin)            Turns: 2674, Time: 00:16:26

Health: -4/63      AC:  3    Str:  7    XL:     11   Next: 0%
Magic:  14/14      EV: 33    Int: 12    God:    Dithmenos [******]
Gold:   743        SH:  0    Dex: 22    Spells: 5/13 levels left

rFire    . . .     SeeInvis +   a - +2 dagger
rCold    . . .     Gourm    .   (shield restricted)
rNeg     . . .     Faith    .   c - +0 robe
rPois    .         Spirit   .   (helmet restricted)
rElec    .         Reflect  .   d - +0 cloak
rCorr    .         Harm     .   (gloves unavailable)
MR       +....     NoTele   +   (boots unavailable)
Stlth    ++++++++++             (no amulet)
HPRegen  0.20/turn              (no ring)
MPRegen  0.14/turn              (no ring)

@: lethally poisoned (-4 -> -43), wreathed by umbra, very quick
A: very small, unfitting armour, see invisible, herbivore, speed 3, slow
metabolism 2
a: Shadow Step, Shadow Form, Renounce Religion


You were in the Dungeon.
You worshipped Dithmenos.
Dithmenos was exalted by your worship.
You were very hungry.

You visited 1 branch You collected 1043 gold pieces.
You spent 300 gold pieces at shops.

Inventory:

Hand Weapons
 a - a +2 dagger (weapon)
 b - a +0 blowgun
Missiles
 e - 8 poisoned needles
 f - 9 curare-tipped needles
Armour
 c - a +0 robe (worn)
 d - a +0 cloak (worn)
Wands
 n - a wand of polymorph (10)
Scrolls
 m - a scroll of acquirement {unknown}
 o - a scroll of immolation {unknown}
Potions
 h - 2 potions of curing
 j - a potion of haste
 k - 2 potions of magic
 l - a potion of berserk rage
 p - a potion of flight {unknown}
Comestibles
 g - 2 rations


   Skills:
 - Level 10.0 Fighting
 + Level 8.2 Short Blades
 + Level 12.2 Throwing
 - Level 14.1 Dodging
 - Level 14.5 Stealth
 + Level 1.5 Spellcasting
 - Level 6.7 Conjurations
 - Level 11.3 Hexes
 - Level 5.0 Ice Magic


You had 5 spell levels left.
You knew the following spells:

 Your Spells              Type           Power        Failure   Level  Hunger
a - Ensorcelled Hibernat  Hex/Ice        ###...       1%          2    ###....
b - Confuse               Hex            ####....     1%          3    ####...
c - Dazzling Spray        Conj/Hex       ###...       1%          3    ####...

Your spell library contained the following spells:

 Spells                   Type           Power        Failure   Level  Hunger
 Corona                   Hex            ####...      1%          1    ##.....
 Tukima's Dance           Hex            ####....     1%          3    ####...


Dungeon Overview and Level Annotations

Branches:
Dungeon (1/1)

Altars:
Cheibriados
Dithmenos
Elyvilon
Fedhas
Gozag
Hepliaklqana
Kikubaaqudgha
Makhleb
Nemelex Xobeh
Okawaru
Qazlal
Ru
Sif Muna
Trog
Uskayaw
Vehumet
Wu Jian
Xom
Yredelemnul
Zin
The Shining One
Jiyva
Lugonu

Shops:
D :[

Annotations:
D exclusion: oklob plant, Lernaean hydra


Innate Abilities, Weirdness & Mutations

You are very small and have problems with some larger weapons.
You are too small for most types of armour.
You have supernaturally acute eyesight. (SInv)
You are a herbivore.
You cover ground extremely quickly.
You need to consume almost no food.


Message History

You feel ill.
You feel very sick.
Press: ? - help, v - describe, . - travel The floor.
This square is wreathed by an umbra.
There is a cloud of foul pestilence here.
You are engulfed in dark miasma.
You are more poisoned.
You feel very sick.
* * * LOW HITPOINT WARNING * * *
You feel very sick.
* * * LOW HITPOINT WARNING * * *
You feel very sick.
Okay, then.
You feel better.
You are engulfed in dark miasma.
You are lethally poisoned!
* * * LOW HITPOINT WARNING * * *
x2 You feel very sick.
You open the door.
You are engulfed in dark miasma.
You are more poisoned.
You die...

....# .. #..≈###+##
...°'..$ #.#
#..≈.}#.####+#
#°°°#^.. .##
#..≈e##+#.§..##
○°○# #+ ##..
#..≈##.§D.§§§.##
.○##
+###..≈#..D§§^§§..#
.^#
#P≈..##^..§§§.§..#
#+#
#M≈§.#....§§:§§...
###..#...§.§.§§...
#@'..##..§§.§....#
#○##'##$$§§§§$$$$#
#°#≈§§##$$$$$$$$##
#○#≈≈≈≈##%?(/$!##
°°#≈≈≈≈≈########
####≈≈≈≈# #'≈≈≈'
##≈≈#≈


There were no monsters in sight!

Vanquished Creatures
  A hydra (D)
  2 centaur warriors (D)
  Sonja (D)
  A deep troll (D)
  A lindwurm (D)
  A merfolk siren (D)
  2 gargoyles (D)
  2 kobold demonologists (D)
  A hellwing (D)
  A demonic crawler (D)
  A hornet (D)
  A slime creature (D)
  Sigmund (D)
  A yak (D)
  13 hogs (D)
  2 floating eyes (D)
  An ogre (D)
  A jelly (D)
  Ijyb (D)
35 creatures vanquished.

Vanquished Creatures (others)
  A merfolk siren (D)
  4 hornets (D)
5 creatures vanquished.

Grand Total: 40 creatures vanquished

Notes
Turn   | Place    | Note
-------+----------+-------------------------------------------
     0 | D        | Kobolds4U the Spriggan Assassin began the quest for the
                  | Orb.
     0 | D        | Reached XP level 1. HP: 10/10 MP: 2/2
     1 | D        | Noticed Ijyb
     4 | D        | Killed Ijyb
     4 | D        | Reached skill level 10 in Stealth
     4 | D        | Reached XP level 2. HP: 14/14 MP: 3/3
     7 | D        | Noticed an ogre
    10 | D        | Killed an ogre
    10 | D        | Reached XP level 3. HP: 18/18 MP: 4/4
    10 | D        | Reached XP level 4. HP: 22/22 MP: 5/5
    19 | D        | Noticed Sigmund
    22 | D        | Killed Sigmund
    22 | D        | Reached XP level 5. HP: 29/29 MP: 6/6
    22 | D        | Reached XP level 6. HP: 33/33 MP: 7/7
    34 | D        | Found a burning altar of Makhleb.
    34 | D        | Found a viscous altar of Jiyva.
    34 | D        | Found a shimmering altar of Xom.
    34 | D        | Found a corrupted altar of Lugonu.
    34 | D        | Noticed a slime creature
    37 | D        | Killed a slime creature
    37 | D        | Reached skill level 5 in Fighting
    39 | D        | Found an ornate altar of the Wu Jian Council.
    39 | D        | Found a deep blue altar of Sif Muna.
    41 | D        | Found a radiant altar of Vehumet.
    75 | D        | Found Rissit's Book Emporium.
    75 | D        | Found an ancient bone altar of Kikubaaqudgha.
    75 | D        | Found a hazy altar of Hepliaklqana.
    75 | D        | Found a stormy altar of Qazlal.
    75 | D        | Found a hide-covered altar of Uskayaw.
    75 | D        | Found a blossoming altar of Fedhas.
    75 | D        | Found a bloodstained altar of Trog.
    75 | D        | Found an iron altar of Okawaru.
    75 | D        | Found a basalt altar of Yredelemnul.
    75 | D        | Found a glowing golden altar of the Shining One.
    75 | D        | Found a snail-covered altar of Cheibriados.
    75 | D        | Found a sacrificial altar of Ru.
    75 | D        | Found a glowing silver altar of Zin.
    75 | D        | Found a shadowy altar of Dithmenos.
    75 | D        | Found a white marble altar of Elyvilon.
    75 | D        | Noticed a yak
    76 | D        | Found an opulent altar of Gozag.
    77 | D        | Killed a yak
    77 | D        | Reached XP level 7. HP: 41/41 MP: 8/8
    78 | D        | Found a sparkling altar of Nemelex Xobeh.
    82 | D        | Bought a book of Maledictions for 300 gold pieces
    85 | D        | Learned a level 2 spell: Ensorcelled Hibernation
    89 | D        | Learned a level 3 spell: Confuse
    91 | D        | Became a worshipper of Dithmenos the Shadowed
   106 | D        | Noticed a centaur warrior
   108 | D        | Noticed a centaur warrior
   112 | D        | Killed a centaur warrior
   112 | D        | Reached skill level 5 in Throwing
   112 | D        | Reached XP level 8. HP: 46/46 MP: 9/9
   115 | D        | Killed a centaur warrior
   132 | D        | Noticed a hornet
   135 | D        | Killed a hornet
   135 | D        | Reached * piety under Dithmenos
   135 | D        | Reached XP level 9. HP: 51/51 MP: 8/10
   169 | D        | Noticed a kobold demonologist
   170 | D        | Noticed a kobold demonologist
   174 | D        | Killed a kobold demonologist
   174 | D        | Reached ** piety under Dithmenos
   176 | D        | Killed a kobold demonologist
   176 | D        | Reached skill level 5 in Ice Magic
   183 | D        | Noticed a demonic crawler
   183 | D        | Noticed a demonic crawler
   183 | D        | Noticed a demonic crawler
   183 | D        | Noticed a demonic crawler
   396 | D        | Noticed Sonja
   400 | D        | Killed Sonja
   412 | D        | Noticed a deep troll
   416 | D        | Killed a deep troll
   416 | D        | Reached skill level 10 in Throwing
   443 | D        | Learned a level 3 spell: Dazzling Spray
   645 | D        | Found Reitu's Armour Emporium.
   820 | D        | Killed a demonic crawler
   820 | D        | Reached *** piety under Dithmenos
   820 | D        | Reached skill level 1 in Conjurations
   820 | D        | Reached XP level 10. HP: 44/59 MP: 2/11
  1420 | D        | Noticed a lindwurm
  1423 | D        | Killed a lindwurm
  1423 | D        | Reached skill level 10 in Fighting
  1437 | D        | Reached **** piety under Dithmenos
  1440 | D        | Reached skill level 5 in Short Blades
  1443 | D        | Reached ***** piety under Dithmenos
  1446 | D        | Reached skill level 5 in Conjurations
  1454 | D        | Noticed a 12-headed hydra
  1456 | D        | Killed a 12-headed hydra
  1470 | D        | Noticed a merfolk siren
  1471 | D        | Noticed a deep elf annihilator
  1473 | D        | Noticed a merfolk siren
  1637 | D        | Noticed a gargoyle
  1648 | D        | Killed a gargoyle
  1648 | D        | Reached ****** piety under Dithmenos
  1667 | D        | Killed a merfolk siren
  1699 | D        | Noticed the 27-headed Lernaean hydra
  1833 | D        | Noticed a gargoyle
  1848 | D        | Killed a gargoyle
  1848 | D        | Reached skill level 1 in Spellcasting
  1848 | D        | Reached XP level 11. HP: 42/63 MP: 8/14
  2175 | D        | Noticed a shadow dragon
  2175 | D        | Noticed a golden dragon
  2635 | D        | Noticed a mummy priest
  2637 | D        | Noticed an oklob plant
  2674 | D        | Engulfed by a cloud of foul pestilence

Skill      XL: |  1  2  3  4  5  6  7  8  9 10 |
---------------+-------------------------------+-----
Stealth        | 10 14 | 14.5
Fighting       | 4 6 7 9 10 | 10.0
Dodging        | 9 14 | 14.1
Throwing       | 5 7 10 12 | 12.2
Hexes          | 8 11 | 11.3
Ice Magic      | 2 5 |  5.0
Conjurations   | 1 6 |  6.7
Short Blades   | 8 |  8.2
Spellcasting   | 1 |  1.5

Action                   |  1- 3 |  4- 6 |  7- 9 | 10-12 || total
-------------------------+-------+-------+-------+-------++-------
Melee: Dagger            |     2 |     4 |    29 |    85 ||   120
 Cast: Ensorcelled Hiber |       |       |     1 |       ||     1
       Dazzling Spray    |       |       |     6 |     5 ||    11
       Confuse           |       |       |     2 |     4 ||     6
  Use: Scroll            |       |       |     1 |       ||     1
       Potion            |       |       |     1 |     1 ||     2
 Stab: Sleeping          |     2 |     4 |     8 |    17 ||    31
       Invisible         |       |       |     3 |     1 ||     4
       Confused          |       |       |     1 |     5 ||     6
  Eat: Ration            |       |       |       |     1 ||     1
Armor: Robe              |       |       |     2 |     5 ||     7
Dodge: Dodged            |       |       |   133 |   172 ||   305
